MID
DAYTON DRAGONS @ WISCONSIN TIMBER RATTLERS
07/10/2048
 
TOP OF THE 1ST
Dayton Dragons batting - Pitching for Wisconsin Timber Rattlers : LHP Brian Rich
Pitching: LHP Brian Rich
Batting: RHB Jake Savell 0-0: SINGLE (Flyball, 8RM, EV 84.4 MPH)
Batting: RHB Andy Bachman 0-0: Ball
1-0: Fielders Choice at 2nd, 6-4 (Groundball, 6, EV 81.2 MPH)
Batting: RHB Mark Williams 0-0: Fly out, F8 (Flyball, 78M, EV 84.4 MPH)
Batting: RHB Chris Zamora 0-0: Called Strike
0-1: Ball
Andy Bachman is caught stealing 2nd base 2-4
Top of the 1st over - 0 runs, 1 hit, 0 errors, 0 left on base; Dayton 0 - Wisconsin 0
BOTTOM OF THE 1ST
Wisconsin Timber Rattlers batting - Pitching for Dayton Dragons : LHP Juan Garcia
Pitching: LHP Juan Garcia
Batting: SHB Aaron Neill 0-0: Ball
1-0: Ground out 6-3 (Groundball, 6, EV 83.8 MPH)
Batting: RHB Jose Cerritos 0-0: Called Strike
0-1: Called Strike
0-2: Ball
1-2: DOUBLE (Line Drive, 89D, EV 105.6 MPH)
Batting: LHB Karel Hort 0-0: Foul Ball, location: 2F
0-1: Foul Ball, location: 2F
0-2: Ball
1-2: Foul Ball, location: 2F
1-2: Foul Ball, location: 2F
1-2: Ground out 6-3 (Groundball, 6, EV 75.6 MPH)
Batting: SHB Jerry Duffy 0-0: Swinging Strike
0-1: Fly out, F8 (Flyball, 8LM, EV 88.1 MPH)
Bottom of the 1st over - 0 runs, 1 hit, 0 errors, 1 left on base; Dayton 0 - Wisconsin 0
TOP OF THE 2ND
Dayton Dragons batting - Pitching for Wisconsin Timber Rattlers : LHP Brian Rich
Batting: RHB Chris Zamora 0-0: Ball
1-0: Foul Ball, location: 2F
1-1: Swinging Strike
1-2: Fly out, F8 (Flyball, 8LXD, EV 97.5 MPH)
Batting: RHB Juan Zamora 0-0: Ball
1-0: Ball
2-0: Swinging Strike
2-1: Swinging Strike
2-2: Strikes out swinging
Batting: LHB Matt Kennedy 0-0: Swinging Strike
0-1: Ball
1-1: Ball
2-1: Foul Ball, location: 2F
2-2: Foul Ball, location: 2F
2-2: Strikes out swinging
Top of the 2nd over - 0 runs, 0 hits, 0 errors, 0 left on base; Dayton 0 - Wisconsin 0
BOTTOM OF THE 2ND
Wisconsin Timber Rattlers batting - Pitching for Dayton Dragons : LHP Juan Garcia
Batting: RHB Victor Alarcon 0-0: Swinging Strike
0-1: Ball
1-1: Ball
2-1: Swinging Strike
2-2: Ball
3-2: Foul Ball, location: 2F
3-2: Foul Ball, location: 2F
3-2: Strikes out swinging
Batting: SHB Craig Wright 0-0: Called Strike
0-1: Ball
1-1: Ground out U3 (Groundball, 3, EV 83.8 MPH)
Batting: RHB Juan Villanueva 0-0: Ball
1-0: Ground out 5-3 (Groundball, 5S, EV 79.4 MPH)
Bottom of the 2nd over - 0 runs, 0 hits, 0 errors, 0 left on base; Dayton 0 - Wisconsin 0
TOP OF THE 3RD
Dayton Dragons batting - Pitching for Wisconsin Timber Rattlers : LHP Brian Rich
Batting: RHB Aaron Barraza 0-0: Ball
1-0: Ball
2-0: SINGLE (Line Drive, 4M, EV 103.1 MPH)
Batting: LHB Chris Redhead 0-0: Ball
1-0: Ball
2-0: Ball
3-0: Called Strike
3-1: Base on Balls
Aaron Barraza to second
Batting: RHB Yutaka Sato 0-0: Called Strike
0-1: Called Strike
0-2: Strikes out looking
Batting: RHB Jake Savell 0-0: Ball
Aaron Barraza is caught stealing 3rd base 2-5
1-0: Called Strike
1-1: Ball
2-1: Ball
Wild Pitch!
Chris Redhead to second
3-1: Ground out 6-3 (Groundball, 6, EV 83.8 MPH)
Top of the 3rd over - 0 runs, 1 hit, 0 errors, 1 left on base; Dayton 0 - Wisconsin 0
BOTTOM OF THE 3RD
Wisconsin Timber Rattlers batting - Pitching for Dayton Dragons : LHP Juan Garcia
Batting: LHB Umar Matoub 0-0: Ball
1-0: Called Strike
1-1: Ball
2-1: Ball
3-1: Swinging Strike
3-2: SINGLE (Groundball, 3D, EV 99.4 MPH)
Batting: RHB Dusty Bates 0-0: Ball
1-0: Ball
2-0: Fielders Choice at 2nd, 5-4 (Groundball, 56, EV 85.0 MPH)
Batting: SHB Aaron Neill 0-0: Called Strike
0-1: Called Strike
0-2: Ball
1-2: Foul Ball, location: 2F
1-2: Strikes out swinging
Batting: RHB Jose Cerritos 0-0: Ball
1-0: Ball
2-0: Called Strike
2-1: Ground out 2-3 (Groundball, 2R, EV 71.9 MPH)
Bottom of the 3rd over - 0 runs, 1 hit, 0 errors, 1 left on base; Dayton 0 - Wisconsin 0
TOP OF THE 4TH
Dayton Dragons batting - Pitching for Wisconsin Timber Rattlers : LHP Brian Rich
Batting: RHB Andy Bachman 0-0: Foul Ball, location: 2F
0-1: Ball
1-1: Ground out 6-3 (Groundball, 6, EV 90.0 MPH)
Batting: RHB Mark Williams 0-0: Called Strike
0-1: Foul Ball, location: 2F
0-2: Strikes out swinging
Batting: RHB Chris Zamora 0-0: Swinging Strike
0-1: Swinging Strike
0-2: Foul Ball, location: 2F
0-2: Foul Ball, location: 2F
0-2: Strikes out swinging
Top of the 4th over - 0 runs, 0 hits, 0 errors, 0 left on base; Dayton 0 - Wisconsin 0
BOTTOM OF THE 4TH
Wisconsin Timber Rattlers batting - Pitching for Dayton Dragons : LHP Juan Garcia
Batting: LHB Karel Hort 0-0: Foul Ball, location: 2F
0-1: Fly out, F7 (Flyball, 7LS, EV 89.4 MPH)
Batting: SHB Jerry Duffy 0-0: Ball
1-0: SINGLE (Groundball, 6D, EV 98.1 MPH)
Batting: RHB Victor Alarcon 0-0: Ball
1-0: Ball
2-0: Called Strike
2-1: Fielders Choice at 2nd, 1-4 (Groundball, 15S, EV 69.4 MPH)
Batting: SHB Craig Wright 0-0: Called Strike
Victor Alarcon steals 2nd, throwing error, E2
Victor Alarcon to third
0-1: Ball
1-1: Foul Ball, location: 2F
1-2: Ball
2-2: Foul Ball, location: 2F
2-2: Ball
3-2: Ground out 3-1 (Groundball, 34S, EV 80.0 MPH)
Bottom of the 4th over - 0 runs, 1 hit, 1 error, 1 left on base; Dayton 0 - Wisconsin 0
TOP OF THE 5TH
Dayton Dragons batting - Pitching for Wisconsin Timber Rattlers : LHP Brian Rich
Batting: RHB Juan Zamora 0-0: Called Strike
0-1: Ground out U3 (Groundball, 3, EV 77.5 MPH)
Batting: LHB Matt Kennedy 0-0: Ball
1-0: Called Strike
1-1: Called Strike
1-2: Strikes out swinging
Batting: RHB Aaron Barraza 0-0: Called Strike
0-1: DOUBLE (Groundball, 5L, EV 101.9 MPH)
Batting: LHB Chris Redhead 0-0: Ball
1-0: Ball
2-0: Called Strike
2-1: Swinging Strike
2-2: Strikes out looking
Top of the 5th over - 0 runs, 1 hit, 0 errors, 1 left on base; Dayton 0 - Wisconsin 0
BOTTOM OF THE 5TH
Wisconsin Timber Rattlers batting - Pitching for Dayton Dragons : LHP Juan Garcia
Batting: RHB Juan Villanueva 0-0: Called Strike
0-1: Ball
1-1: Ground out U3 (Groundball, 34, EV 86.9 MPH)
Batting: LHB Umar Matoub 0-0: Called Strike
0-1: Ball
1-1: Foul Ball, location: 2F
1-2: Foul Ball, location: 2F
1-2: Strikes out swinging
Batting: RHB Dusty Bates 0-0: Foul Ball, location: 2F
0-1: Ball
1-1: Ground out 2-3 (Groundball, 2R, EV 72.5 MPH)
Bottom of the 5th over - 0 runs, 0 hits, 0 errors, 0 left on base; Dayton 0 - Wisconsin 0
TOP OF THE 6TH
Dayton Dragons batting - Pitching for Wisconsin Timber Rattlers : LHP Brian Rich
Batting: RHB Yutaka Sato 0-0: Foul Ball, location: 2F
0-1: Swinging Strike
0-2: Ball
1-2: SINGLE (Groundball, 5S, EV 63.1 MPH) (infield hit)
Batting: RHB Jake Savell 0-0: Called Strike
Yutaka Sato steals 2nd base
0-1: Called Strike
Yutaka Sato is caught stealing 3rd base 2-5
0-2: Foul Ball, location: 2F
0-2: Strikes out looking
Batting: RHB Andy Bachman 0-0: Ball
1-0: Called Strike
1-1: Called Strike
1-2: Hit by Pitch
Batting: RHB Mark Williams Pickoff Throw to First - Out! 1-3
Top of the 6th over - 0 runs, 1 hit, 0 errors, 0 left on base; Dayton 0 - Wisconsin 0
BOTTOM OF THE 6TH
Wisconsin Timber Rattlers batting - Pitching for Dayton Dragons : LHP Juan Garcia
Batting: SHB Aaron Neill 0-0: Swinging Strike
0-1: SINGLE (Line Drive, 6MD, EV 98.8 MPH)
Batting: RHB Jose Cerritos 0-0: Ball
1-0: SINGLE (Line Drive, 8RS, EV 92.5 MPH)
Aaron Neill to second
Runner from 2nd tries for 3rd, SAFE, throw by CF made to third
Batting: LHB Karel Hort 0-0: Ball
1-0: Swinging Strike
1-1: Grounds into double play, 3-6-3 (Groundball, 3, EV 88.1 MPH)
Aaron Neill scores
Batting: SHB Jerry Duffy 0-0: Ball
1-0: Foul Ball, location: 2F
1-1: Ball
2-1: Fly out, F9 (Flyball, 9S, EV 88.1 MPH)
Bottom of the 6th over - 1 run, 2 hits, 0 errors, 0 left on base; Dayton 0 - Wisconsin 1
TOP OF THE 7TH
Dayton Dragons batting - Pitching for Wisconsin Timber Rattlers : LHP Brian Rich
Batting: RHB Mark Williams 0-0: Called Strike
0-1: Ball
1-1: SINGLE (Groundball, 6MD, EV 108.8 MPH)
Batting: RHB Chris Zamora 0-0: Foul Ball, location: 2F
0-1: Foul Ball, location: 2F
0-2: Ball
1-2: Strikes out swinging
Batting: RHB Juan Zamora 0-0: Ball
1-0: Ball
2-0: Swinging Strike
2-1: Ball
3-1: Called Strike
3-2: Strikes out looking
Mark Williams is caught stealing 2nd base 2-4
Batter strikes out.
Top of the 7th over - 0 runs, 1 hit, 0 errors, 0 left on base; Dayton 0 - Wisconsin 1
BOTTOM OF THE 7TH
Wisconsin Timber Rattlers batting - Pitching for Dayton Dragons : LHP Juan Garcia
Batting: RHB Victor Alarcon 0-0: Foul Ball, location: 2F
0-1: Ball
1-1: Called Strike
1-2: Ball
2-2: Ball
3-2: Ground out 1-3 (Groundball, 13S, EV 73.8 MPH)
Batting: SHB Craig Wright 0-0: Ball
1-0: Ball
2-0: Ball
3-0: Base on Balls
Batting: RHB Juan Villanueva 0-0: Swinging Strike
Craig Wright is caught stealing 2nd base 2-4
0-1: Ball
1-1: Ball
2-1: Swinging Strike
2-2: Strikes out swinging
Bottom of the 7th over - 0 runs, 0 hits, 0 errors, 0 left on base; Dayton 0 - Wisconsin 1
TOP OF THE 8TH
Dayton Dragons batting - Pitching for Wisconsin Timber Rattlers : LHP Brian Rich
Batting: LHB Matt Kennedy 0-0: Ball
1-0: Called Strike
1-1: Ball
2-1: Swinging Strike
2-2: Fly out, F8 (Flyball, 8LD, EV 101.9 MPH)
Batting: RHB Aaron Barraza 0-0: Ball
1-0: Ball
2-0: Called Strike
2-1: Called Strike
2-2: Strikes out swinging
Pinch Hitting: RHB Travis Petrick 0-0: Ball
1-0: Foul Ball, location: 2F
1-1: Foul Ball, location: 2F
1-2: Foul Ball, location: 2F
1-2: Strikes out swinging
Top of the 8th over - 0 runs, 0 hits, 0 errors, 0 left on base; Dayton 0 - Wisconsin 1
BOTTOM OF THE 8TH
Wisconsin Timber Rattlers batting - Pitching for Dayton Dragons : LHP Juan Garcia
Pitching: RHP Jose Marrero
Now in LF: Matt Kennedy
Now in RF: Tim Kirk
Batting: LHB Umar Matoub 0-0: Ball
1-0: Foul Ball, location: 2F
1-1: Fly out, F5 (Popup, 56S, EV 76.9 MPH)
Batting: RHB Dusty Bates 0-0: Swinging Strike
0-1: Swinging Strike
0-2: Ball
1-2: Foul Ball, location: 2F
1-2: Ball
2-2: Ball
3-2: Strikes out swinging
Batting: SHB Aaron Neill 0-0: DOUBLE (Groundball, 3L, EV 104.4 MPH)
Batting: RHB Jose Cerritos 0-0: Called Strike
0-1: Ball
1-1: Fly out, F9 (Flyball, 89S, EV 88.1 MPH)
Bottom of the 8th over - 0 runs, 1 hit, 0 errors, 1 left on base; Dayton 0 - Wisconsin 1
TOP OF THE 9TH
Dayton Dragons batting - Pitching for Wisconsin Timber Rattlers : LHP Brian Rich
Pitching: RHP Sal Contreras
Now in LF: Paul Collins
Pinch Hitting: LHB Jeremy Robertson 0-0: Ball
1-0: Ball
2-0: Ball
3-0: Called Strike
3-1: Base on Balls
Pinch Hitting: LHB Leo Gomez 0-0: Ball
1-0: Called Strike
1-1: Called Strike
1-2: Strikes out looking
Batting: RHB Andy Bachman 0-0: Ball
Passed Ball!
Jeremy Robertson to second
1-0: Foul Ball, location: 2F
1-1: Foul Ball, location: 2F
1-2: Ball
2-2: Strikes out swinging
Batting: RHB Mark Williams 0-0: Called Strike
0-1: Ball
1-1: Ball
2-1: Ball
3-1: Foul Ball, location: 2F
3-2: Foul Ball, location: 2F
3-2: Strikes out swinging
Top of the 9th over - 0 runs, 0 hits, 0 errors, 1 left on base; Dayton 0 - Wisconsin 1
Tuesday, March 28th , 2023 - OOTP Baseball 23.10 Build 110